 Dungeon Crawl Stone Soup version 0.31.0-9-g3a7656b989 (webtiles) character file.

Game seed: 127698881435080182

14457 Kenran the Gouger (level 11, -7/56 HPs)
             Began as a Felid Shapeshifter on Jan 31, 2024.
             Was an Initiate of Gozag.
             Mangled by a yak (12 damage)
             ... on level 1 of the Lair of Beasts.
             The game lasted 00:38:16 (16031 turns).

Kenran the Gouger (Felid Shapeshifter)             Turns: 16031, Time: 00:38:17

Health: -7/56      AC:  2    Str: 10    XL:     11   Next: 89%
Magic:  0/21       EV: 24    Int: 15    God:    Gozag
Gold:   1604       SH:  0    Dex: 19    Spells: 10/10 levels left
                                        Lives:  0   Deaths: 4

rFire   . .          .
                       - Unarmed
rCold   + . .        (shield unavailable)
rNeg    . . .        (body armour unavailable)
rPois   .            (helmet unavailable)
rElec   .            (cloak unavailable)
rCorr   .            (gloves unavailable)
SInv    +            (boots unavailable)
Will    +....        n - amulet of guardian spirit
Stlth   ++++         k - ring of protection from cold
HPRegen 0.29/turn    s - ring of magical power
MPRegen 0.17/turn

%: guardian spirit
@: beast-form, gold aura
A: beast (slay +4), very small, claws 1, fangs 3, see invisible, shaggy fur 2,
stealthy paws, no weapons or thrown items, no armour, multi-lived
a: Begin Untransformation, Renounce Religion, Potion Petition, Call Merchant,
Bribe Branch


You were on level 1 of the Lair of Beasts.
You worshipped Gozag.
Gozag was most pleased with you.
You were a hulking beast.
You visited 3 branches of the dungeon, and saw 13 of its levels.

You collected 1711 gold pieces.
You paid 107 gold pieces to Gozag.

Inventory:

Jewellery
 c - a ring of resist corrosion
 d - an amulet of reflection
 k - a ring of protection from cold (left paw)
 n - an amulet of guardian spirit (around neck)
 q - a ring of positive energy
 s - a ring of magical power (right paw)
 u - a ring of protection from cold
Talismans
 b - a beast talisman (active)
 v - a flux talisman
 w - a serpent talisman
 y - a storm talisman
Wands
 o - a wand of paralysis (2)
 r - a wand of digging (9)
Scrolls
 e - 5 scrolls of immolation {!r}
 f - a scroll of brand weapon {unknown}
 g - 2 scrolls of poison {!r}
 h - a scroll of blinking
 i - a scroll of fog {unknown}
 l - 2 scrolls of revelation
 m - 3 scrolls of vulnerability {!r}
 C - a scroll of torment {unknown}
 D - a scroll of fear {unknown}
Potions
 a - 3 potions of cancellation
 j - a potion of degeneration {unknown}
 p - a potion of enlightenment
 t - a potion of might
 x - a potion of invisibility {unknown}
 z - a potion of heal wounds {unknown}
 A - a potion of ambrosia {unknown}
 B - a potion of haste {unknown}


   Skills:
 + Level 6.1 Fighting
 + Level 10.0 Dodging
 + Level 8.1 Stealth
 - Level 12.0 Unarmed Combat
 - Level 4.0 Evocations
 + Level 9.2 Shapeshifting


You had 10 spell levels left.
You didn't know any spells.
Your spell library contained the following spells:

 Spells                   Type           Power      Damage    Failure   Level
 Apportation              Tloc           0%         N/A       26%         1
 Magic Dart               Conj           0%         1d3       26%         1
 Slow                     Hex            0%         N/A       26%         1
 Blink                    Tloc           0%         N/A       38%         2
 Call Imp                 Summ           0%         N/A       38%         2
 Cigotuvi's Dreadful Rot  Necr/Alch/Air  0%         N/A       38%         2
 Jinxbite                 Hex            0%         N/A       38%         2
 Lesser Beckoning         Tloc           0%         N/A       38%         2
 Mercury Vapours          Alch/Air       0%         N/A       38%         2
 Confusing Touch          Hex            0%         N/A       63%         3
 Gell's Gravitas          Tloc           0%         N/A       63%         3
 Mephitic Cloud           Conj/Alch/Air  0%         N/A       63%         3
 Sigil of Binding         Hex            0%         N/A       63%         3
 Teleport Other           Tloc           0%         N/A       63%         3
 Vampiric Draining        Necr           0%         2d6       63%         3
 Alistair's Intoxication  Alch           0%         N/A       100%        5
 Freezing Cloud           Conj/Ice/Air   0%         6-21      100%        5
 Haunt                    Necr/Summ      0%         N/A       100%        7
 Infestation              Necr           0%         N/A       100%        8
 Animate Dead             Necr           Unusable   N/A       N/A         4

Dungeon Overview and Level Annotations

Branches:
Dungeon (11/15)            Temple (1/1) D:6            Lair (1/5) D:9
    Orc (0/2) D:10

Altars:
Ashenzari
Cheibriados
Dithmenos
Elyvilon
Fedhas
Gozag
Hepliaklqana
Kikubaaqudgha
Makhleb
Nemelex Xobeh
Okawaru
Qazlal
Ru
Sif Muna
Trog
Uskayaw
Vehumet
Wu Jian
Xom
Yredelemnul
Zin
The Shining One

Shops:
D:3 [

Annotations:
D:1 exclusion: downstairs
D:2 1 runed translucent door, Crazy Yiuf
D:3 exclusion: ice beast
D:6 exclusion: steam dragon
D:11 exclusion: fire dragon


Innate Abilities, Weirdness & Mutations

You are a hulking beast.
Your limbs bulge with bestial killing power. (Slay +4)
You have sharp claws.
You have razor-sharp teeth.
You have supernaturally acute eyesight. (SInv)
You are covered in thick fur. (AC +2)
Your paws help you pounce on unaware monsters.
You are incapable of wielding weapons or throwing items.
You cannot wear armour.
You gain extra lives every three experience levels.


Message History

You barely miss the yak.
The yak is no longer distracted by gold.
The yak bellows! x2
You bite the yak.
The yak is lightly wounded.
You claw the yak!
The yak is heavily wounded.
You scratch the yak.
The yak is severely wounded.
The yak completely misses you. The yak barely misses you.
You scratch the yak.
The yak is severely wounded.
The yak barely misses you. The yak completely misses you.
You scratch the yak but do no damage. You bite the yak.
The yak is severely wounded.
The yak is no longer distracted by gold.
The yak gores you! The yak completely misses you.
You claw the yak!
You kill the yak!
The yak misses you. The yak gores you!
You claw the yak!
The yak is moderately wounded.
The yak gores you.
You scratch the yak. Your claw misses the yak.
The yak is heavily wounded.
The yak completely misses you. The yak gores you!
* * * LOW HITPOINT WARNING * * *
You barely miss the yak.
The yak is heavily wounded.
The yak closely misses you.
You claw the yak!
The yak is severely wounded.
The yak gores you!
* * * LOW HITPOINT WARNING * * *
The yak completely misses you.
You barely miss the yak. You claw the yak!
The yak is almost dead.
The yak gores you!
You die...
Your body crumbles into a pile of gold.

#......#...#.#.##P.#####..
#...................#....
#..........(......#......
###..## ................ #
#P....## ##......##..#..
#.##.#...## ##......#.....
#.##.##..$####.#.#.#........
#.#........$Y$^.........##.#P.
#.#.....##.#Yh...#.##....#.#..
#.###..######..#######........
#.)#....## ####.##.##........
#........# #......#......##
#.#.#.#.## #....#.......# #
#.#....## ###.........##.#
#.#.#...## ##.##..##..P.# .#
#......## ###.....####.#.# .
..#....#######.##..### #...# .


You could see 2 yaks.

Vanquished Creatures
  Harold (D:11)
  3 two-headed ogres
  A deep elf pyromancer (D:8)
  An ugly thing (D:11)
  2 gargoyles (D:11)
  2 cane toads (Lair:1)
  2 unseen horrors (D:11)
  A komodo dragon (Lair:1)
  5 trolls
  A hornet (D:8)
  Sigmund (D:2)
  10 yaks
  2 wraiths (D:11)
  2 wyverns
  Grum (D:8)
  A basilisk (Lair:1)
  4 swamp worms (D:10)
  An acid dragon (D:10)
  A water moccasin (D:6)
  3 orc warriors
  3 black bears
  3 sky beasts
  An ice beast (D:6)
  8 centaurs
  An ogre (D:5)
  4 wolves
  7 kobold brigands
  A phantom (D:5)
  2 bullfrogs (Lair:1)
  4 gnoll sergeants
  2 scorpions (D:6)
  4 wights (D:6)
  6 killer bees (D:7)
  An electric eel (D:9)
  6 howler monkeys
  9 hounds
  A gnoll bouda (D:7)
  An orc priest (D:5)
  3 jellies
  A sleepcap (D:7)
  5 iguanas
  8 orc wizards
  Robin (D:4)
  25 gnolls
  8 adders
  2 shadow imps
  2 dart slugs
  25 orcs
  8 bats
  5 endoplasms
  4 giant cockroaches
  12 goblins
  7 hobgoblins
  33 kobolds
  5 quokkas
  4 ball pythons
  3 frilled lizards
  6 rats
276 creatures vanquished.

Notes
Turn   | Place    | Note
-------+----------+-------------------------------------------
     0 | D:1      | Kenran the Felid Shapeshifter began the quest for the Orb.
     0 | D:1      | Reached XP level 1. HP: 10/10 MP: 2/2
   121 | D:1      | Found Jaacwer's Armour Shop.
   168 | D:1      | Reached XP level 2. HP: 9/14 MP: 3/3
   553 | D:2      | Reached skill level 4 in Unarmed Combat
   553 | D:2      | Reached XP level 3. HP: 18/18 MP: 4/4
   821 | D:2      | Reached XP level 4. HP: 21/22 MP: 5/5
   821 | D:2      | Gained a life (2 lives remaining)
   876 | D:2      | Reached skill level 1 in Stealth
  1018 | D:2      | Identified the +0 pair of gloves "Viaq" {rC+ SInv}
  1446 | D:2      | Noticed Sigmund
  1666 | D:3      | Noticed an ice beast
  1817 | D:3      | Reached skill level 5 in Unarmed Combat
  1836 | D:3      | Reached XP level 5. HP: 25/25 MP: 6/6
  1894 | D:3      | Found Vysh's Armour Emporium.
  2389 | D:2      | Found a runed translucent door.
  2390 | D:2      | Noticed Crazy Yiuf
  2469 | D:2      | HP: 1/25 [gnoll/+0 spear (8)]
  3002 | D:4      | Identified the +0 helmet "Mineo" {rElec Will- Int+5}
  3002 | D:4      | Noticed Robin
  3002 | D:4      | Identified the +3 leather armour of the Thieving Gods
                  | {Regen+ Str+3 Int+3}
  3014 | D:4      | Killed Robin
  3060 | D:4      | Noticed a black bear
  3098 | D:4      | Gained mutation: You are covered in thick fur. (AC +2)
                  | [Felid growth]
  3098 | D:4      | Reached XP level 6. HP: 22/30 MP: 5/7
  3215 | D:4      | Reached skill level 5 in Stealth
  3215 | D:4      | Reached skill level 6 in Unarmed Combat
  3329 | D:5      | Entered Level 5 of the Dungeon
  3432 | D:5      | Reached XP level 7. HP: 22/35 MP: 4/8
  3640 | D:5      | Identified the +0 glaive of Premature Burial {flame,
                  | ^Fragile Fly Str+4}
  3668 | D:5      | Succumbed to a gnoll's poison
  3668 | D:5      | Lost a life (1 life remaining)
  4118 | D:5      | Reached skill level 7 in Unarmed Combat
  4423 | D:6      | Reached skill level 5 in Dodging
  4423 | D:6      | Reached XP level 8. HP: 19/40 MP: 5/9
  4423 | D:6      | Gained a life (2 lives remaining)
  4434 | D:6      | Reached skill level 8 in Unarmed Combat
  5070 | D:2      | Killed Sigmund
  5071 | D:2      | Reached skill level 5 in Shapeshifting
  5863 | D:6      | Found a staircase to the Ecumenical Temple.
  6366 | Temple   | Found a transporter.
  6366 | Temple   | Found a transporter.
  6366 | Temple   | Found a transporter.
  6366 | Temple   | Found a transporter.
  6366 | Temple   | Entered the Ecumenical Temple
  6380 | Temple   | Became a worshipper of Ru the Awakened
  6523 | D:7      | Reached XP level 9. HP: 27/44 MP: 4/10
  6644 | D:7      | Found a stormy altar of Qazlal.
  7156 | D:7      | Got the Compendium of the Blinking Queen Bee
  7510 | Temple   | Fell from the grace of Ru
  7510 | Temple   | Became a worshipper of Gozag Ym Sagoz the Greedy
  7892 | D:8      | Noticed Grum
  7980 | D:7      | Reached skill level 9 in Unarmed Combat
  8023 | D:8      | Killed Grum
  8172 | D:8      | Noticed a deep elf pyromancer
  8385 | D:8      | Found a glowing silver altar of Zin.
  8515 | D:8      | Found a blossoming altar of Fedhas.
  8581 | D:8      | Reached skill level 10 in Unarmed Combat
  8871 | D:8      | Reached XP level 10. HP: 50/50 MP: 11/11
  9166 | D:8      | Killed a deep elf pyromancer
  9598 | D:9      | Noticed a two-headed ogre
  9612 | D:9      | Reached skill level 5 in Fighting
 10003 | D:9      | Reached skill level 1 in Evocations
 10071 | D:9      | Noticed a two-headed ogre
 10378 | D:10     | Entered Level 10 of the Dungeon
 10476 | D:10     | Noticed a two-headed ogre
 10614 | D:10     | Reached skill level 10 in Dodging
 10944 | D:10     | Found a staircase to the Orcish Mines.
 11125 | D:11     | Noticed Harold
 11183 | D:10     | Mangled by a troll
 11183 | D:10     | Lost a life (1 life remaining)
 11397 | D:10     | Noticed a demonic crawler
 11613 | D:10     | Killed a two-headed ogre
 11614 | D:10     | Reached XP level 11. HP: 48/55 MP: 12/12
 11614 | D:10     | Gained a life (2 lives remaining)
 11677 | D:10     | HP: 2/82 [demonic crawler (11)]
 11678 | D:10     | Slain by a demonic crawler
 11678 | D:10     | Lost a life (1 life remaining)
 11923 | D:11     | Noticed a fire dragon
 11923 | D:11     | Noticed a cyan ugly thing
 12097 | D:9      | Killed a two-headed ogre
 12307 | D:9      | Killed a two-headed ogre
 12308 | D:9      | Reached skill level 11 in Unarmed Combat
 12434 | D:8      | Found a blossoming altar of Fedhas.
 12686 | D:8      | Found a glowing silver altar of Zin.
 13114 | D:7      | Found a stormy altar of Qazlal.
 14528 | D:11     | Killed a cyan ugly thing
 14945 | D:11     | Killed Harold
 14946 | D:11     | Reached skill level 12 in Unarmed Combat
 15085 | D:9      | Found a staircase to the Lair.
 15424 | D:9      | Killed from afar by an electric eel
 15424 | D:9      | Lost a life (0 lives remaining)
 15448 | Lair:1   | Entered Level 1 of the Lair of Beasts
 16031 | Lair:1   | Mangled by a yak

Illustrated notes

Levels and vault maps discovered:
D:1:      dpeg_arrival_lava_temple_mockup, layout_basic, serial_shops, shop
D:2:      layout_basic, uniq_crazy_yiuf_cottage, uniq_sigmund
D:3:      layout_basic, serial_shops, shop
D:4:      layout_cave_pools, uniq_robin
D:5:      layout_loops_cross
D:6:      layout_basic, minmay_temple_entry_slanted
D:7:      layout_gridville, mainiacjoe_overflow_cross_hatched
D:8:      layout_gridville, zin_academy, fedhas_altar_2,
          guppyfry_early_elven_hall, uniq_grum
D:9:      layout_basic, erik_lair_island
D:10:     layout_long_grid, orc_0_dummy, worms_lemuel
D:11:     layout_basic, minmay_puff, uniq_harold
Temple:   hellmonk_temple_divided_pantheon
Lair:1:   layout_misc_corridors, pdpol_lair_neglected_garden

Skill      XL: |  1  2  3  4  5  6  7  8  9 10 11 |
---------------+----------------------------------+-----
Shapeshifting  | 3 6 7 9 |  9.2
Unarmed Combat | 4 5 6 7 8 10 12 | 12.0
Dodging        | 3 5 7 10 | 10.0
Stealth        | 2 4 5 8 |  8.1
Fighting       | 2 3 4 5 6 |  6.1
Evocations     | 2 4 |  4.0

Action                     |  1- 3 |  4- 6 |  7- 9 | 10-12 || total
---------------------------+-------+-------+-------+-------++-------
  Melee: Unarmed           |    59 |   171 |   402 |   325 ||   957
         Bite              |     6 |    14 |    49 |    44 ||   113
         Punch             |     1 |     6 |     8 |    29 ||    44
  Evoke: Wand              |       |       |       |    10 ||    10
    Use: Potion            |     2 |       |     1 |     5 ||     8
         Scroll            |     1 |       |     9 |     4 ||    14
   Stab: Sleeping          |     3 |     4 |    12 |    10 ||    29
         Distracted        |       |     1 |       |     2 ||     3
         Paralysed         |       |       |       |     5 ||     5
 Armour: Skin              |    20 |    69 |   119 |   192 ||   400
  Dodge: Dodged            |    35 |   127 |   348 |   381 ||   891
   Form: Beast             |     1 |       |     1 |       ||     2
         Flux              |       |       |     1 |       ||     1
